 Dungeon Crawl Stone Soup version 0.16.2-3-ga078185 (webtiles) character file.

173 gorblad the Grave Robber (level 5, -1/35 HPs)
             Began as a Mummy Necromancer on Sept 6, 2015.
             Was a Follower of Nemelex Xobeh.
             Slain by raikaria's ghost (8 damage)
             ... on level 4 of the Dungeon.
             The game lasted 00:22:20 (4058 turns).

gorblad the Grave Robber (Mummy Necromancer)        Turns: 4058, Time: 00:22:20

Health: -1/35      AC:  2    Str: 11    XL:     5   Next: 28%
Magic:  9/11       EV: 12    Int: 15    God:    Nemelex Xobeh [*.....]
Gold:   167        SH:  0    Dex: 12    Spells: 2 memorised, 8 levels left

rFire  x . .     SeeInvis .     o - +0 short sword
rCold  + . .     Clarity  .     l - +0 robe
rNeg   + + +     SustAb   .     (no shield)
rPois  ∞         Gourm    .     (no helmet)
rElec  .         Spirit   .     (no cloak)
rCorr  .         Warding  .     (no gloves)
rMut   .         Stasis   .     (no boots)
MR     .....                    (no amulet)
Stlth  ++........               (no ring)
                                (no ring)

@: not resistant to hostile enchantments, unstealthy
A: no food or potions, fire vulnerability, restore body, cold resistance 1,
negative energy resistance 3, poison resistance, torment resistance, unbreathing
a: Renounce Religion


You were on level 4 of the Dungeon.
You worshipped Nemelex Xobeh.
Nemelex Xobeh was aware of your devotion.
You were not hungry.

You visited 1 branch of the dungeon, and saw 4 of its levels.

You collected 167 gold pieces.

Inventory:

Hand weapons
 o - a +0 short sword (weapon)
Armour
 l - a +0 robe (worn)
Magical devices
 g - a wand of magic darts (18)
 n - a wand of magic darts (28)
Scrolls
 f - 6 scrolls of identify
 j - 3 scrolls of remove curse
 k - a scroll of magic mapping {unknown}
Books
 b - a book of Necromancy

   Spells                             Type                      Level
   a - Pain                           Necromancy                   1
   b - Animate Skeleton               Necromancy                   1
   c - Vampiric Draining              Necromancy                   3
   d - Regeneration                   Charms/Necromancy            3
   e - Animate Dead                   Necromancy                   4
   f - Control Undead                 Necromancy                   4
Miscellaneous
 c - a plain deck of war {drawn: 8}
 p - a plain deck of destruction {drawn: 5}


   Skills:
 + Level 0.2 Fighting
 + Level 2.0 Dodging
 + Level 1.8 Stealth
 + Level 3.4 Spellcasting
 + Level 5.3 Necromancy
 + Level 0.3 Evocations


You had 8 spell levels left.
You knew the following spells:

 Your Spells              Type           Power        Failure   Level  Hunger
a - Pain                  Necr           ###.         1%          1    N/A
b - Animate Skeleton      Necr           N/A          1%          1    N/A

Dungeon Overview and Level Annotations

Branches:
Dungeon (4/15)
 Temple: D:4-7

Altars:
Cheibriados
Dithmenos
Elyvilon
Fedhas
Gozag
Kikubaaqudgha
Makhleb
Nemelex Xobeh
Qazlal
Vehumet
Xom
Zin
The Shining One

Annotations:
D:4 raikaria's ghost, average MfGl


Innate Abilities, Weirdness & Mutations

You do not eat or drink.
Your flesh is vulnerable to fire.
Your flesh is cold resistant.
You are immune to negative energy.
Your system is resistant to poisons.
You are immune to unholy pain and torment.
You can survive without breathing.


Message History

Raikaria's ghost hits you!
* * * LOW HITPOINT WARNING * * *
The iguana looks more healthy.
Raikaria's ghost stares at you.
Raikaria's ghost says, "Your head would complement my pike nicely."
There is an open door here.
There is an open door here.
Raikaria's ghost shouts, "They lied to you.
The Dungeon just goes down and down forever."
There is an open door here.
Raikaria's ghost wails.
Evoke which item? (* to show all) (? for menu, Esc to quit)
Zapping:
g - a wand of magic darts {zapped: 9} (will waste charges)
Press: ? - help, Shift-Dir - straight line, f/p - raikaria's ghost
Aim: raikaria's ghost, wielding a weapon of venom (heavily damaged)
The magic dart hits raikaria's ghost.
Raikaria's ghost is heavily damaged.
Evoking this partially-identified wand wasted a few charges.
Raikaria's ghost hits you!
You die...
Your body disappears without a glow.

#.######## . #.#..
.... #.#.##### ._...
#########.#.....#
..... #........)..#
.. ...###
#.#######.#.###.
...#E #.#
#.#.....####...# #.#
#.######....#######
#.#
#...@W.l....#.(...###
#.#
########....'.....'..
#.# #...##.....###
#.# #...##.....# #.#
######.....# #.#
#.....# #.# #.....#
#.# ####### #.#


You could see an iguana and raikaria's ghost.

Vanquished Creatures
  An iguana (D:4)
  Ijyb (D:3)
  Jessica (D:3)
  5 adders
  3 worms
  2 giant geckos
  An orc (D:3)
  2 bats
  3 giant cockroaches
  9 hobgoblins
  8 kobolds
  A quokka (D:4)
  A ball python (D:2)
  4 giant newts
  4 goblins
  6 jackals
  2 rats
54 creatures vanquished.

Vanquished Creatures (others)
  A bat (D:2)
1 creature vanquished.

Grand Total: 55 creatures vanquished

Notes
Turn   | Place    | Note
--------------------------------------------------------------
     0 | D:1      | gorblad, the Mummy Necromancer, began the quest for the Orb.
     0 | D:1      | Reached XP level 1. HP: 13/13 MP: 3/3
    31 | D:1      | Found a sparkling altar of Nemelex Xobeh.
    39 | D:1      | Became a worshipper of Nemelex Xobeh the Trickster
    94 | D:1      | Received a gift from Nemelex Xobeh
   583 | D:1      | Reached XP level 2. HP: 19/19 MP: 1/4
   632 | D:1      | Learned a level 1 spell: Animate Skeleton
  1452 | D:2      | Reached XP level 3. HP: 2/24 MP: 0/6
  2161 | D:2      | Found a shimmering altar of Xom.
  2162 | D:2      | Found an opulent altar of Gozag.
  2166 | D:2      | Found an ancient bone altar of Kikubaaqudgha.
  2166 | D:2      | Found a snail-covered altar of Cheibriados.
  2167 | D:2      | Found a glowing silver altar of Zin.
  2167 | D:2      | Found a radiant altar of Vehumet.
  2168 | D:2      | Found a stormy altar of Qazlal.
  2169 | D:2      | Found a glowing golden altar of the Shining One.
  2170 | D:2      | Found a blossoming altar of Fedhas.
  2171 | D:2      | Found a shadowy altar of Dithmenos.
  2172 | D:2      | Found a burning altar of Makhleb.
  2365 | D:2      | Found a white marble altar of Elyvilon.
  2514 | D:3      | Noticed Jessica
  2517 | D:3      | Killed Jessica
  2517 | D:3      | Reached XP level 4. HP: 30/30 MP: 4/8
  2820 | D:3      | Reached skill level 5 in Necromancy
  2828 | D:3      | Noticed Ijyb
  3086 | D:3      | Killed Ijyb
  3624 | D:3      | Received a gift from Nemelex Xobeh
  3742 | D:4      | Reached XP level 5. HP: 14/35 MP: 6/11
  3971 | D:4      | Noticed a water elemental
  3973 | D:4      | Found a stormy altar of Qazlal.
  4009 | D:4      | Noticed raikaria's ghost (average MfGl)
  4058 | D:4      | Slain by raikaria's ghost

Action                   |  1- 3 |  4- 6 || total
-------------------------+-------+-------++-------
Melee: Unarmed           |    34 |       ||    34
       Short sword       |     9 |     5 ||    14
       Dagger            |    18 |     8 ||    26
       Whip              |     8 |       ||     8
 Cast: Pain              |    58 |    69 ||   127
Evoke: Deck              |     7 |     6 ||    13
       Wand              |       |     2 ||     2
  Use: Scroll            |     4 |     1 ||     5
